 Dungeon Crawl Stone Soup version 0.19.4-9-g45fd643 (webtiles) character file.

151620 Gorglomux the Wrestler (level 17, -11/152 HPs)
             Began as a Troll Monk on Feb 19, 2017.
             Was the Champion of Okawaru.
             Mangled by a six-headed hydra simulacrum (23 damage)
             ... in an ice cave.
             The game lasted 01:09:32 (25693 turns).

Gorglomux the Wrestler (Troll Monk)                Turns: 25693, Time: 01:09:34

Health: -11/152    AC: 29    Str: 28    XL:     17   Next: 1%
Magic:  22/22      EV: 12    Int:  6    God:    Okawaru [******]
Gold:   1416       SH: 17    Dex: 12    Spells: 0 memorised, 16 levels left

rFire  . . .     SeeInvis .       - Unarmed
rCold  . . .     Gourm    +     N - +1 storm dragon scales {god gift}
rNeg   . . .     Faith    +     P - +3 shield {reflect} {god gift}
rPois  +         Spirit   .     c - +2 hat
rElec  +         Reflect  +     L - +1 cloak
rCorr  .         Harm     .     (gloves unavailable)
MR     +....                    (boots unavailable)
Stlth  ..........               E - amulet of faith
                                f - +5 ring of protection
                                o - ring of poison resistance

@: heroism, very slightly contaminated
A: unfitting armour, claws 3, fast metabolism 3, gourmand, regeneration 1,
shaggy fur 1, tough skin 2
a: Heroism, Finesse, Renounce Religion


You were in an ice cave.
You worshipped Okawaru.
Okawaru was exalted by your worship.
You were near starving.

You visited 6 branches of the dungeon, and saw 28 of its levels.
You also visited: Labyrinth, Ossuary and Ice Cave.

You collected 2676 gold pieces.
You spent 1260 gold pieces at shops.

Inventory:

Missiles
 Z - 3 throwing nets (quivered)
Armour
 c - a +2 hat (worn)
 z - the +0 shadow dragon scales "Xush" {+Blink rC+ Int-4 Dex+4 Stlth++++}
   (You found it on level 9 of the Dungeon)

   It affects your intelligence (-4).
   It affects your dexterity (+4).
   It protects you from cold.
   It lets you blink.
   It makes you much more stealthy.
 L - a +1 cloak (worn)
 N - +1 storm dragon scales (worn) {god gift}
 P - a +3 shield of reflection (worn) {god gift}
Rods
 b - a +1 rod of clouds (12/12)
   (You bought it in a shop on level 12 of the Dungeon)
Jewellery
 f - a +5 ring of protection (right claw)
 g - an uncursed ring of resist corrosion
 m - an uncursed ring of protection from magic
 o - a ring of poison resistance (left claw)
 y - an uncursed ring of positive energy
 E - an amulet of faith (around neck)
Wands
 u - a wand of iceblast (0/15)
 x - a wand of teleportation (8/9)
 D - a wand of digging (5/24)
 I - a wand of iceblast (1/15)
Scrolls
 e - a scroll of brand weapon {unknown}
 k - a scroll of torment {unknown}
 t - a scroll of acquirement {unknown}
 A - a scroll of silence {unknown}
 J - 2 scrolls of recharging
 M - 5 scrolls of magic mapping
 Q - 8 scrolls of remove curse
 T - 6 scrolls of teleportation
Potions
 a - 7 potions of curing
 d - 4 potions of magic
 h - a potion of cancellation {unknown}
 i - 2 potions of invisibility
 j - 2 potions of lignification
 n - 5 potions of ambrosia
 q - 7 potions of flight
 F - 2 potions of agility
 H - 2 potions of resistance {unknown}
 K - 2 potions of brilliance {unknown}
 O - 6 potions of heal wounds
 S - 5 potions of might
 V - 2 potions of cure mutation {unknown}
 X - 2 potions of mutation {unknown}
 Y - 2 potions of haste
Books
 R - a book of Summonings

   Spells                             Type                      Level
   a - Recall                         Summoning/Translocation      3
   b - Aura of Abjuration             Summoning                    5
   c - Summon Demon                   Summoning                    5
   d - Summon Forest                  Summoning/Translocation      5
   e - Summon Mana Viper              Hexes/Summoning              5
   f - Shadow Creatures               Summoning                    6
Miscellaneous
 U - a box of beasts
Comestibles
 p - 11 meat rations
 C - 16 bread rations
 W - 7 fruits


   Skills:
 - Level 6.0(11.0) Fighting
 - Level 10.0(15.0) Throwing
 - Level 7.2(12.2) Armour
 - Level 6.1(11.1) Dodging
 - Level 1.0(6.0) Stealth
 - Level 9.2(14.2) Shields
 + Level 21.1(26.1) Unarmed Combat
 - Level 8.1 Invocations


You had 16 spell levels left.
You didn't know any spells.

Dungeon Overview and Level Annotations

Branches:
Dungeon (15/15)            Temple (1/1) D:6            Lair (6/6) D:9
  Swamp (0/4) Lair:4        Snake (3/4) Lair:4        Slime (0/5) Lair:5
    Orc (2/2) D:11            Elf (1/3) Orc:2        Vaults (0/5) D:13
 Depths (0/5) D:15

Altars:
Ashenzari
Cheibriados
Dithmenos
Elyvilon
Fedhas
Gozag
Hepliaklqana
Kikubaaqudgha
Makhleb
Nemelex Xobeh
Okawaru
Qazlal
Ru
Sif Muna
Trog
Uskayaw
Vehumet
Xom
Yredelemnul
Zin
The Shining One
Beogh

Shops:
D:5 (}   D:9 =   D:12 }   Orc:2 (}(%


Innate Abilities, Weirdness & Mutations

You are too large for most types of armour.
You have claws for hands.
Your metabolism is lightning-fast.
You like to eat raw meat.
Your natural rate of healing is unusually fast.
You are covered in fur. (AC +1)
You have very tough skin. (AC +2)


Message History

Press: ? - help, Shift-Dir - straight line, f/p - six-headed hydra simulacrum
Aim: a six-headed hydra simulacrum (heavily damaged)
The mass of ice explodes!
The iceblast engulfs the six-headed hydra simulacrum.
The six-headed hydra simulacrum partially resists.
The six-headed hydra simulacrum is severely damaged.
The iceblast engulfs the eight-headed hydra simulacrum.
The eight-headed hydra simulacrum partially resists.
The eight-headed hydra simulacrum is moderately damaged.
Evoking this partially-identified wand wasted a few charges.
Evoke which item? (* to show all) (? for menu, Esc to quit)
Zapping:
u - a wand of iceblast {zapped: 11} (will waste charges)
Press: ? - help, Shift-Dir - straight line, p - six-headed hydra simulacrum Nothing appears to happen.
You block the six-headed hydra simulacrum's attack.
The six-headed hydra simulacrum misses you.
The six-headed hydra simulacrum bites you.
* * * LOW HITPOINT WARNING * * *
The six-headed hydra simulacrum freezes you!!
You die...

####### #############
#.....## ##....(#(...(##
#......###.....(#.(....##
#.......#.......#(......#
#.......#.......#(......#
#.∩..∩..@ZZ...([ZZ......(
#.......#..†....#.......#
#.......#.......#.......#
#......###.....[#......##
#.....## ##...((#(...(##
####### #############


You could see an eight-headed hydra simulacrum and a six-headed hydra
simulacrum.

Vanquished Creatures
  Kirke (Lair:6)
  Agnes (D:14)
  4 nagarajas (Snake:2)
  An orc warlord (Orc:2)
  2 very ugly things (IceCv)
  Azrael (D:14)
  A dire elephant (D:15)
  A minotaur (Lab)
  An ettin (Orc:2)
  2 fire dragons
  Erolcha (Orc:2)
  Josephine (D:10)
  Harold (D:11)
  9 naga warriors
  A catoblepas (D:15)
  13 hydras
  The ghost of shugdite the Fighter, a novice MiFi of Okawaru (D:10)
  5 anacondas
  3 centaur warriors
  Erica (Orc:1)
  11 death yaks
  The ghost of Chiseanne the Spry, a journeyman SpGl of Gozag (D:12)
  4 orc high priests (Orc:2)
  A tengu warrior (D:15)
  Sonja (Lair:1)
  3 shock serpents
  3 naga sharpshooters
  Urug (Lair:5)
  A fire crab (Lair:6)
  A salamander mystic (Snake:2)
  A skeletal warrior (D:13)
  2 naga ritualists
  A deep elf archer (D:13)
  9 hill giants
  Pikel (D:4)
  2 mana vipers (Snake:1)
  3 deep elf magi
  2 oklob plants (Lair:4)
  4 orc sorcerers (Orc:2)
  4 ugly things
  6 orc knights
  3 manticores
  Maurice (D:9)
  11 elephants
  8 salamanders
  2 cyclopes (D:14)
  6 guardian serpents
  Joseph (Lair:1)
  3 molten gargoyles (Lair:6)
  The ghost of Shufflesack the Infuser, a novice DECj of Vehumet (D:5)
  12 naga magi
  29 black mambas
  5 ice statues (IceCv)
  8 spiny frogs
  Psyche (D:8)
  A gargoyle (D:12)
  4 yaktaurs (D:13)
  2 rime drakes
  A kobold demonologist (D:13)
  8 komodo dragons
  A tengu conjurer (D:14)
  5 trolls
  Prince Ribbit (D:5)
  2 polar bears (D:10)
  6 hippogriffs
  2 meliai zombies (D:12)
  2 slime creatures (D:15)
  A two-headed ogre (D:11)
  24 blink frogs
  13 dream sheep (Lair:6)
  A centaur simulacrum (D:15)
  A spriggan (D:8)
  6 wraiths
  50 yaks
  Sigmund (D:2)
  5 wyverns
  3 shadows
  Eustachio (D:6)
  A dire elephant simulacrum (IceCv)
  3 fire elementals (D:14)
  6 basilisks
  A steam dragon (D:9)
  4 hogs (Lair:6)
  A hungry ghost (D:14)
  4 wargs
  2 harpy simulacra (IceCv)
  29 nagas
  2 iron troll simulacra (IceCv)
  Menkaure (D:4)
  2 soldier ants
  3 mottled dragons
  2 hydra simulacra (IceCv)
  8 hell hounds
  8 water moccasins
  Duvessa (D:6)
  7 porcupines
  A phantom (D:11)
  11 ice beasts
  30 orc warriors
  An eye of draining (D:14)
  A necrophage (D:14)
  13 ogres
  6 sky beasts
  15 wolves
  4 centaurs
  12 crocodiles
  Blork the orc (D:4)
  7 big kobolds
  2 elf zombies (Ossuary)
  15 bullfrogs
  A wyvern zombie (D:10)
  A gnoll sergeant (D:8)
  A wyvern skeleton (D:9)
  Dowan (D:6)
  4 scorpions
  10 killer bees
  A vampire bat (Lair:1)
  A howler monkey (D:8)
  5 lava snakes (Lair:6)
  3 centaur zombies
  A bullfrog zombie (D:8)
  4 crimson imps
  4 centaur skeletons
  7 hounds
  5 jellies (Lair:5)
  16 orc priests
  Crazy Yiuf (D:5)
  7 bullfrog skeletons
  18 orc wizards
  6 iguanas
  7 worker ants
  2 hound skeletons
  3 mummies (Ossuary)
  3 worker ant zombies
  10 gnolls
  13 adders
  3 howler monkey skeletons
  6 shadow imps
  4 oozes
  2 adder zombies
  2 adder skeletons
  3 worms (D:2)
  5 leopard geckos
  59 orcs
  12 bats
  6 giant cockroaches
  8 goblins
  8 hobgoblins
  12 jackals
  24 kobolds
  5 quokkas
  6 frilled lizards
  2 goblin zombies (Ossuary)
  2 hobgoblin zombies (Ossuary)
  3 kobold zombies (Ossuary)
  An orc zombie (Ossuary)
  3 quokka zombies (Ossuary)
  22 rats
  4 rat zombies (Ossuary)
  A bush (Lair:4)
  3 fungi
890 creatures vanquished.

Vanquished Creatures (collateral kills)
  The ghost of Gorglomux the Grappler, a journeyman TrMo of Okawaru (D:11)
1 creature vanquished.

Vanquished Creatures (others)
  Nessos (D:13)
  A cyclops (D:15)
  An orc wizard (Orc:2)
  A bush (Lair:6)
  41 fungi
  27 plants (Lair:6)
72 creatures vanquished.

Grand Total: 963 creatures vanquished

Notes
Turn   | Place    | Note
-------+----------+-------------------------------------------
     0 | D:1      | Gorglomux the Troll Monk began the quest for the Orb.
     0 | D:1      | Reached XP level 1. HP: 22/22 MP: 0/0
   110 | D:1      | Reached XP level 2. HP: 29/29 MP: 1/1
   238 | D:1      | Reached skill level 4 in Unarmed Combat
   270 | D:1      | Reached XP level 3. HP: 31/36 MP: 2/2
   670 | D:2      | Noticed Sigmund
   684 | D:2      | Killed Sigmund
   684 | D:2      | Reached skill level 6 in Unarmed Combat
   684 | D:2      | Reached XP level 4. HP: 29/44 MP: 3/3
   684 | D:2      | Reached XP level 5. HP: 34/50 MP: 4/4
  1300 | D:3      | Reached XP level 6. HP: 32/59 MP: 5/5
  1435 | D:3      | Reached skill level 7 in Unarmed Combat
  1516 | D:3      | Found a stormy altar of Qazlal.
  1516 | D:3      | Found a sacrificial altar of Ru.
  1903 | D:4      | Got a tattered robe
  1914 | D:4      | Identified the +1 robe of Impatience {rF+ rC+} (You found it on level 4 of the Dungeon)
  2024 | D:4      | Found a basalt altar of Yredelemnul.
  2144 | D:4      | Noticed Blork the orc
  2148 | D:4      | Reached skill level 8 in Unarmed Combat
  2151 | D:4      | Killed Blork the orc
  2151 | D:4      | Reached XP level 7. HP: 60/66 MP: 6/6
  2172 | D:4      | Noticed Menkaure
  2174 | D:4      | Killed Menkaure
  2368 | D:4      | Reached skill level 9 in Unarmed Combat
  2515 | D:5      | Entered Level 5 of the Dungeon
  2697 | D:5      | Noticed Pikel
  2698 | D:5      | Noticed Shufflesack's ghost (novice DECj)
  2720 | D:4      | Killed Pikel
  2720 | D:4      | Reached skill level 10 in Unarmed Combat
  2720 | D:4      | Reached XP level 8. HP: 62/74 MP: 7/7
  2746 | D:5      | Killed Shufflesack's ghost
  2938 | D:5      | Found Duilu's Weapon Emporium.
  2962 | D:5      | Reached skill level 11 in Unarmed Combat
  2999 | D:5      | Found Xusicepoc's Gadget Shop.
  3047 | D:5      | Noticed Prince Ribbit
  3063 | D:5      | Killed Prince Ribbit
  3184 | D:5      | Found a runed door.
  3189 | D:5      | Noticed Crazy Yiuf
  3194 | D:5      | Killed Crazy Yiuf
  3370 | D:6      | Identified the Papyrus of Cold and Stones
  3441 | D:6      | Found a staircase to the Ecumenical Temple.
  3454 | Temple   | Entered the Ecumenical Temple
  3462 | Temple   | Became a worshipper of Warmaster Okawaru
  3462 | Temple   | Reached * piety under Okawaru
  3462 | Temple   | Reached ** piety under Okawaru
  3507 | D:6      | Noticed Eustachio
  3514 | D:6      | Killed Eustachio
  3514 | D:6      | Reached skill level 12 in Unarmed Combat
  3514 | D:6      | Reached XP level 9. HP: 61/80 MP: 8/8
  3548 | D:6      | Noticed Dowan
  3549 | D:6      | Noticed Duvessa
  3551 | D:6      | Found a sand-covered staircase.
  3570 | D:6      | Killed Duvessa
  3572 | D:6      | Killed Dowan
  3577 | Ossuary  | Entered an ossuary
  4210 | D:7      | Reached skill level 13 in Unarmed Combat
  4357 | D:7      | Reached *** piety under Okawaru
  5019 | D:8      | Reached skill level 14 in Unarmed Combat
  5050 | D:8      | Reached XP level 10. HP: 80/88 MP: 9/9
  5080 | D:8      | Noticed Psyche
  5092 | D:8      | Killed Psyche
  5092 | D:8      | Reached skill level 3 in Fighting
  5092 | D:8      | Reached skill level 3 in Dodging
  5176 | D:8      | Reached **** piety under Okawaru
  5695 | D:9      | Found Duamoh's Jewellery Emporium.
  5763 | D:9      | Found a staircase to the Lair.
  6056 | D:9      | Noticed Maurice
  6075 | D:9      | Killed Maurice
  6075 | D:9      | Reached ***** piety under Okawaru
  6103 | D:9      | Noticed a fire dragon
  6104 | D:9      | Noticed a centaur warrior
  6323 | D:9      | Killed a centaur warrior
  6407 | D:9      | Killed a fire dragon
  6407 | D:9      | Received a gift from Okawaru
  6411 | D:9      | Got shimmering mottled dragon scales {god gift}
  6422 | D:9      | Identified the +1 mottled dragon scales "Cabuzuem" {god gift, Regen+ Stlth+} (Okawaru gifted it to you on level 9 of the Dungeon)
  6481 | D:9      | Got spiked shadow dragon scales
  6492 | D:9      | Identified the cursed +0 shadow dragon scales "Xush" {+Blink rC+ Int-4 Dex+4 Stlth++++} (You found it on level 9 of the Dungeon)
  6588 | D:10     | Entered Level 10 of the Dungeon
  6688 | D:10     | Found a bloodstained altar of Trog.
  6697 | D:10     | Reached skill level 6 in Dodging
  6697 | D:10     | Reached XP level 11. HP: 69/105 MP: 10/10
  6703 | D:10     | Reached skill level 6 in Fighting
  6870 | D:10     | Reached skill level 1 in Invocations
  7166 | D:10     | Noticed shugdite's ghost (novice MiFi)
  7168 | D:10     | Reached skill level 1 in Armour
  7190 | D:10     | Killed shugdite's ghost
  7292 | D:10     | Reached skill level 3 in Invocations
  7366 | D:10     | Noticed Josephine
  7382 | D:10     | Killed Josephine
  7382 | D:10     | Reached skill level 3 in Armour
  7633 | D:11     | Noticed Harold
  7641 | D:11     | Killed Harold
  7656 | D:11     | Found a burning altar of Makhleb.
  7667 | D:11     | Noticed a hill giant
  7676 | D:11     | Killed a hill giant
  7685 | D:11     | Noticed a hill giant
  7692 | D:11     | Killed a hill giant
  7826 | D:11     | Found a staircase to the Orcish Mines.
  7928 | D:11     | Noticed Gorglomux's ghost (journeyman TrMo)
  7949 | D:11     | Killed Gorglomux's ghost
  7949 | D:11     | Received a gift from Okawaru
  7949 | D:11     | Reached skill level 6 in Invocations
  8107 | D:11     | Reached XP level 12. HP: 108/114 MP: 15/15
  8220 | D:11     | Found a roughly hewn altar of Beogh.
  8303 | D:11     | Reached skill level 6 in Armour
  8417 | Lair:1   | Entered Level 1 of the Lair of Beasts
  8417 | Lair:1   | Noticed a four-headed hydra
  8426 | Lair:1   | Killed a six-headed hydra
  8439 | Lair:1   | Found a labyrinth entrance.
  8497 | Lab      | Entered a labyrinth
  9020 | Lab      | Noticed a minotaur
  9030 | Lab      | Killed a minotaur
  9030 | Lab      | Received a gift from Okawaru
  9036 | Lab      | Identified the Tome of the Ensnaring Rocks
  9191 | Lair:1   | Noticed Sonja
  9200 | Lair:1   | Killed Sonja
  9265 | Lair:1   | Noticed Joseph
  9275 | Lair:1   | Reached skill level 1 in Throwing
  9278 | Lair:1   | Killed Joseph
  9278 | Lair:1   | Reached skill level 1 in Shields
  9512 | Lair:1   | Noticed a five-headed hydra
  9526 | Lair:1   | Killed a ten-headed hydra
  9526 | Lair:1   | Reached skill level 3 in Throwing
  9690 | Lair:2   | Reached skill level 3 in Shields
  9948 | Lair:2   | Noticed a six-headed hydra
  9958 | Lair:2   | Killed an eight-headed hydra
 10490 | Lair:3   | Reached XP level 13. HP: 95/120 MP: 18/18
 10752 | Lair:3   | Reached ****** piety under Okawaru
 10915 | Lair:3   | Received a gift from Okawaru
 11674 | Lair:4   | Found a staircase to the Swamp.
 11796 | Lair:4   | Reached skill level 6 in Throwing
 11957 | Lair:4   | Found a staircase to the Snake Pit.
 12356 | Lair:5   | Reached skill level 6 in Shields
 12722 | Lair:5   | Noticed Urug
 12736 | Lair:5   | Killed Urug
 12978 | Lair:5   | Found a staircase to the Slime Pits.
 13357 | Lair:6   | Entered Level 6 of the Lair of Beasts
 13867 | Lair:6   | Reached XP level 14. HP: 55/130 MP: 16/19
 13890 | Lair:6   | Received a gift from Okawaru
 13931 | Lair:6   | Got a bone demon trident {god gift}
 13932 | Lair:6   | Identified the +12 demon trident "Mujaa" {god gift, elec, *Drain rElec Str+3 Int+6} (Okawaru gifted it to you on level 6 of the Lair of Beasts)
 14052 | Lair:6   | Reached skill level 9 in Throwing
 14088 | Lair:6   | Found a large runed door.
 14089 | Lair:6   | Found a large runed door.
 14603 | Lair:6   | Received a gift from Okawaru
 14606 | Lair:6   | Got a fine cloak {god gift}
 14617 | Lair:6   | Identified the +1 cloak "Fuygill" {god gift, rPois rN+++ Str-2 Int-2} (Okawaru gifted it to you on level 6 of the Lair of Beasts)
 14617 | Lair:6   | Lost intelligence.
 14971 | Lair:6   | Noticed Kirke
 14991 | Lair:6   | Killed Kirke
 14991 | Lair:6   | Reached skill level 9 in Shields
 15530 | Lair:6   | Reached skill level 15 in Unarmed Combat
 16349 | D:12     | Noticed Chiseanne's ghost (journeyman SpGl)
 16410 | D:12     | Killed Chiseanne's ghost
 16502 | D:12     | Received a gift from Okawaru
 16654 | D:12     | You fall through a shaft for 2 floors!
 16705 | D:14     | Noticed Azrael
 16724 | D:14     | Killed Azrael
 16724 | D:14     | Reached XP level 15. HP: 81/136 MP: 14/20
 16881 | D:14     | Received a gift from Okawaru
 17018 | D:12     | Reached skill level 16 in Unarmed Combat
 17052 | D:12     | Found Iminiom's Gadget Emporium.
 17057 | D:12     | Bought a +1 rod of clouds (12/12) for 1260 gold pieces
 17332 | D:12     | Received a gift from Okawaru
 18299 | D:13     | Noticed Nessos
 18326 | D:13     | Killed Nessos
 18514 | D:13     | Found a gate to the Vaults.
 19123 | D:14     | Received a gift from Okawaru
 19259 | D:14     | Noticed Agnes
 19276 | D:14     | Killed Agnes
 19276 | D:14     | Reached skill level 17 in Unarmed Combat
 19670 | D:15     | Entered Level 15 of the Dungeon
 19711 | D:15     | Received a gift from Okawaru
 20557 | D:15     | Found a staircase to the Depths.
 20726 | Orc:1    | Entered Level 1 of the Orcish Mines
 20950 | Orc:1    | Reached skill level 18 in Unarmed Combat
 21049 | Orc:1    | Noticed Erica
 21062 | Orc:1    | Killed Erica
 21132 | Orc:1    | Found a roughly hewn altar of Beogh.
 21358 | Orc:2    | Entered Level 2 of the Orcish Mines
 21572 | Orc:2    | Found a staircase to the Elven Halls.
 21591 | Elf:1    | Entered Level 1 of the Elven Halls
 21926 | Orc:2    | Found Doinuhirgh's Gadget Shoppe.
 21926 | Orc:2    | Found Bovvatow's Antique Weapon Shop.
 21930 | Orc:2    | Found Aphad's Food Shoppe.
 21930 | Orc:2    | Found Daytrif's Weapon Shop.
 22098 | Orc:2    | Noticed an orc warlord
 22113 | Orc:2    | Noticed Erolcha
 22123 | Orc:2    | Killed Erolcha
 22136 | Orc:2    | Killed an orc warlord
 22136 | Orc:2    | Received a gift from Okawaru
 22157 | Orc:2    | Reached XP level 16. HP: 143/144 MP: 21/21
 22568 | Lair:3   | Received a gift from Okawaru
 22602 | Snake:1  | Entered Level 1 of the Snake Pit
 22828 | Snake:1  | Received a gift from Okawaru
 22828 | Snake:1  | Reached skill level 19 in Unarmed Combat
 24157 | Snake:2  | Reached skill level 20 in Unarmed Combat
 24228 | Snake:2  | Received a gift from Okawaru
 24380 | Snake:2  | Received a gift from Okawaru
 24570 | Snake:2  | Received a gift from Okawaru
 24625 | Snake:2  | Got a twisted quarterstaff {god gift}
 25526 | Snake:3  | Found a frozen archway.
 25558 | IceCv    | Entered an ice cave
 25619 | IceCv    | Reached skill level 21 in Unarmed Combat
 25678 | IceCv    | Received a gift from Okawaru
 25678 | IceCv    | Reached XP level 17. HP: 49/152 MP: 20/22
 25693 | IceCv    | Mangled by a six-headed hydra simulacrum

Skill      XL: |  1  2  3  4  5  6  7  8  9 10 11 12 13 14 15 16 |
---------------+-------------------------------------------------+-----
Unarmed Combat | 4 6 8 10 12 14 15 18 21 | 21.1
Fighting       | 5 6 |  6.0
Dodging        | 6 |  6.1
Invocations    | 6 8 |  8.1
Armour         | 5 7 |  7.2
Throwing       | 4 8 10 | 10.0
Shields        | 4 7 9 |  9.2
Stealth        | |  1.0

Action                   |  1- 3 |  4- 6 |  7- 9 | 10-12 | 13-15 | 16-18 || total
-------------------------+-------+-------+-------+-------+-------+-------++-------
Melee: Unarmed           |   119 |   152 |   285 |   540 |  1425 |   493 ||  3014
       Punch             |       |     4 |    13 |    49 |     4 |       ||    70
       Demon trident     |       |       |       |       |    31 |       ||    31
Throw: Throwing net      |       |       |       |     7 |     3 |     1 ||    11
       Javelin           |       |       |       |       |    53 |     7 ||    60
       Large rock        |       |       |       |       |    21 |    40 ||    61
       Tomahawk          |       |       |       |       |     4 |       ||     4
Invok: Heroism           |       |       |       |     9 |    17 |     7 ||    33
       Finesse           |       |       |       |     2 |     7 |     2 ||    11
Evoke: Wand              |       |       |     2 |     9 |     3 |     3 ||    17
       Sack of spiders   |       |       |       |     1 |       |       ||     1
       Rod               |       |       |       |       |     5 |     1 ||     6
  Use: Potion            |     1 |       |       |     2 |     3 |     4 ||    10
       Scroll            |       |     2 |     6 |    10 |    10 |     5 ||    33
 Stab: Sleeping          |       |     1 |     7 |    11 |    11 |     1 ||    31
       Invisible         |       |       |       |     1 |       |       ||     1
       Distracted        |       |       |       |     1 |     4 |     1 ||     6
       Held in net/web   |       |       |       |     3 |     8 |       ||    11
       Confused          |       |       |       |       |     3 |       ||     3
  Eat: Chunk             |    12 |    13 |    27 |    49 |   107 |    18 ||   226
       Beef jerky        |       |       |       |       |     1 |       ||     1
       Bread ration      |       |       |       |       |       |     1 ||     1
Armor: Robe              |    48 |    46 |    76 |    26 |       |       ||   196
       Shadow dragon sca |       |       |       |   204 |   581 |   108 ||   893
       Storm dragon scal |       |       |       |       |       |    40 ||    40
Dodge: Dodged            |    69 |   100 |   120 |   226 |   440 |   111 ||  1066
Block: Shield            |       |       |       |       |   837 |   296 ||  1133
       Reflection        |       |       |       |       |    36 |    26 ||    62
